 Dungeon Crawl Stone Soup version 0.31-a0-692-gf03d1854d5 (webtiles) character file.

Game seed: 8696054844825090650

893 qw the Skirmisher (level 8, -4/50 HPs)
             Began as a Gargoyle Hunter on Sept 6, 2023.
             Was an Initiate of Okawaru.
             Killed by divine providence
             ... invoked by an orc priest
              (12 damage)
             ... on level 5 of the Dungeon.
             The game lasted 00:01:53 (3790 turns).

qw the Skirmisher (Gargoyle Hunter)                 Turns: 3790, Time: 00:01:53

Health: -4/50      AC: 13    Str: 15    XL:     8   Next: 6%
Magic:  7/8        EV: 12    Int: 10    God:    Okawaru [......]
Gold:   199        SH:  0    Dex: 15    Spells: 7/7 levels left

rFire   . . .        Y - +2 shortbow (chaos)
rCold   + . .        (shield currently unavailable)
rNeg    + . .        a - +2 leather armour {rC+}
rPois   inf          d - +2 helmet
rElec   +            (no cloak)
rCorr   .            (no gloves)
SInv    .            (no boots)
Will    .....        (no amulet)
Stlth   +            (no ring)
HPRegen 0.28/turn    (no ring)
MPRegen 0.11/turn

%: no passive effects
@: confused
A: sickness immunity, AC +5, negative energy resistance 1, electricity
resistance, torment resistance 1, petrification resistance
a: Renounce Religion


You were on level 5 of the Dungeon.
You worshipped Okawaru.
Okawaru was noncommittal.
You visited 2 branches of the dungeon, and saw 6 of its levels.

You collected 199 gold pieces.


Innate Abilities, Weirdness & Mutations

You are immune to sickness and miasma.
Your stone body is resilient. (AC +5)
You are immune to poison.
You resist negative energy. (rN+)
You are resistant to electric shocks. (rElec)
You are resistant to unholy torment.
You are immune to petrification.


   Skills:
 - Level 5.4 Fighting
 + Level 8.3 Ranged Weapons
 - Level 1.3 Armour
 - Level 2.0 Dodging
 - Level 1.1 Stealth


You had 7 spell levels left.
You didn't know any spells.
Your spell library was empty.

Inventory:

Hand Weapons
 Y - a +2 shortbow of chaos (weapon)
Armour
 a - a +2 leather armour of cold resistance (worn)
 b - a +0 leather armour of fire resistance
 d - a +2 helmet (worn)
Scrolls
 f - a scroll of enchant armour
 g - a scroll of identify
Potions
 e - a potion of enlightenment
 j - a potion of might {unknown}

Dungeon Overview and Level Annotations

Branches:
Dungeon (5/15)             Temple (1/1) D:4

Altars:
Ashenzari
Cheibriados
Dithmenos
Hepliaklqana
Makhleb
Nemelex Xobeh
Okawaru
Qazlal
Ru
Sif Muna
Uskayaw
Vehumet
Wu Jian
Xom
Yredelemnul
Zin
The Shining One

Annotations:
D:3 1 runed translucent door, Crazy Yiuf
D:4 2 transporters, qw's ghost, amateur MiHs


Message History

The orc wizard gestures at you while chanting.
You are confused.
The orc priest closely misses you. The orc barely misses you.
The orc wizard hits you but does no damage.
The orc priest hits you but does no damage.
The orc barely misses you.
The orc priest calls down the wrath of Beogh upon you.
Pain shoots through your body!
The orc wizard hits you with a +0 dagger.
The orc closely misses you.
3782 ||| DRINKING potion of heal wounds.
You feel much better.
You feel like a meek peon again.
The orc wizard gestures at you while chanting.
You are more confused.
The orc priest hits you with a +0 hand axe.
The orc hits you but does no damage.
The orc wizard hits you but does no damage.
The orc priest mumbles some strange prayers to Beogh against you.
Beogh smites you! The orc closely misses you.
The orc wizard hits you but does no damage.
The orc priest invokes the aid of Beogh against you.
Pain shoots through your body! The orc barely misses you.
The orc wizard hits you but does no damage.
The orc priest closely misses you. The orc closely misses you.
The orc wizard barely misses you.
The orc priest hits you but does no damage.
The orc barely misses you.
The orc priest begins to cast a cantrip, but forgets the words!
The orc wizard hits you with a +0 dagger.
The orc hits you with a +0 war axe. The orc wizard closely misses you.
The orc priest hits you but does no damage.
The orc barely misses you.
The orc wizard hits you but does no damage.
The orc priest barely misses you. The orc hits you with a +0 war axe.
The orc wizard closely misses you.
The orc priest invokes the aid of Beogh against you.
Beogh smites you!
You die...

..#......
#..#.....
#.......#
.....$..#
##.......## .
....?..### ##.
#...o#.# . .#...
#.o@)..##..
.....###o##.....#
#....###.......#
#.......o.>....#
#.......o......#
#.....oo.........
......o....###.#.
...?W.o...## ..
..o.o....## #


You could see an orc priest (very drained), an orc wizard and an orc.

Vanquished Creatures
  A centaur (shapeshifter) (D:4)
  2 phantoms
  A scorpion (D:4)
  A hound (D:4)
  4 orc priests
  Terence (D:3)
  Jessica (D:3)
  A scorpion zombie (D:3)
  Natasha (thrice) (D:3)
  3 orc wizards
  4 gnolls (D:4)
  10 adders
  4 dart slugs
  A worm (D:2)
  12 orcs
  2 bats
  11 endoplasms
  3 giant cockroaches
  7 goblins
  6 hobgoblins
  4 quokkas
  10 ball pythons
  A ball python zombie (D:3)
  3 frilled lizards
  4 kobolds
  4 rats
104 creatures vanquished.

Notes
Turn   | Place    | Note
-------+----------+-------------------------------------------
     0 | D:1      | qw the Gargoyle Hunter began the quest for the Orb.
     0 | D:1      | Reached XP level 1. HP: 12/12 MP: 1/1
     0 | D:1      | 0 ||| qw: Version: 0.3-a-76-g4403597
     0 | D:1      | 0 ||| qw: Game counter: 258
     0 | D:1      | 0 ||| qw: Melee chars always use a shield: true
     0 | D:1      | 0 ||| qw: God list: Okawaru
     0 | D:1      | 0 ||| qw: Allow faded altars: false
     0 | D:1      | 0 ||| qw: Do Orc after clearing Dungeon:15 true
     0 | D:1      | 0 ||| qw: Do second Lair branch before Depths: true
     0 | D:1      | 0 ||| qw: Lair rune preference: random
     0 | D:1      | 0 ||| qw: Goals: Normal
     0 | D:1      | 0 ||| PLANNING D:1-11
   107 | D:1      | Reached XP level 2. HP: 17/17 MP: 2/2
   302 | D:1      | You fall into a shaft and drop 1 floor!
   317 | D:2      | Reached XP level 3. HP: 13/21 MP: 3/3
   377 | D:2      | Reached skill level 5 in Ranged Weapons
   384 | D:2      | 384 ||| READING 2 scrolls labelled WOIB KUSANA.
   411 | D:2      | 411 ||| READING scroll labelled IDYFEW MY RUSM.
   412 | D:2      | 412 ||| READING 4 scrolls labelled ZIAQUK TUSMU.
   413 | D:2      | 413 ||| READING 3 scrolls labelled KALOCV JOUPS.
   414 | D:2      | 414 ||| READING 2 scrolls labelled SUTRERATTU.
   415 | D:2      | 415 ||| READING scroll labelled XAFEAQ DELIOGU.
   416 | D:2      | 416 ||| READING scroll labelled ROCZAA SEJYMOS.
   417 | D:2      | 417 ||| READING 2 scrolls of identify.
   417 | D:2      | 417 ||| IDENTIFYING cyan potion
   418 | D:2      | 418 ||| DROPPING scroll of butterflies.
   419 | D:2      | 419 ||| DROPPING scroll of fear.
   430 | D:2      | 430 ||| FLEEEEING.
   431 | D:2      | 431 ||| FLEEEEING.
   432 | D:2      | 432 ||| FLEEEEING.
   433 | D:2      | 433 ||| STAIRDANCE
   994 | D:2      | Reached skill level 3 in Fighting
  1089 | D:2      | Reached XP level 4. HP: 21/28 MP: 4/4
  1271 | D:2      | 1271 ||| READING scroll labelled GOIZ CAJAAPEX.
  1272 | D:2      | 1272 ||| READING scroll labelled HARHYT YRICIAT.
  1273 | D:2      | 1273 ||| DRINKING 2 sapphire potions.
  1344 | D:3      | HP: 6/28 [orc priest/divine providence (13)]
  1345 | D:3      | 1345 ||| READING scroll of teleportation.
  1346 | D:3      | 1346 ||| DRINKING potion of heal wounds.
  1352 | D:3      | 1352 ||| FLEEEEING.
  1353 | D:3      | 1353 ||| FLEEEEING.
  1354 | D:3      | 1354 ||| FLEEEEING.
  1355 | D:3      | 1355 ||| FLEEEEING.
  1356 | D:3      | 1356 ||| FLEEEEING.
  1357 | D:3      | 1357 ||| FLEEEEING.
  1358 | D:3      | 1358 ||| FLEEEEING.
  1359 | D:3      | 1359 ||| FLEEEEING.
  1360 | D:3      | 1360 ||| FLEEEEING.
  1361 | D:3      | 1361 ||| FLEEEEING.
  1362 | D:3      | 1362 ||| FLEEEEING.
  1363 | D:3      | 1363 ||| FLEEEEING.
  1364 | D:3      | 1364 ||| FLEEEEING.
  1365 | D:3      | 1365 ||| FLEEEEING.
  1366 | D:3      | 1366 ||| FLEEEEING.
  1368 | D:3      | 1368 ||| STAIRDANCE
  1413 | D:3      | 1413 ||| STAIRDANCE
  1447 | D:3      | Reached skill level 6 in Ranged Weapons
  1447 | D:3      | Reached XP level 5. HP: 32/32 MP: 5/5
  1506 | D:3      | Noticed a phantom
  1512 | D:3      | Killed a phantom
  1551 | D:3      | Reached XP level 6. HP: 38/38 MP: 6/6
  1555 | D:3      | Noticed Terence
  1564 | D:3      | HP: 6/38 [Terence/+1 hand axe of freezing (7)]
  1565 | D:3      | Killed Terence
  1584 | D:3      | 1584 ||| FLEEEEING.
  1586 | D:3      | 1586 ||| FLEEEEING.
  1588 | D:3      | 1588 ||| FLEEEEING.
  1589 | D:3      | 1589 ||| FLEEEEING.
  1594 | D:3      | 1594 ||| FLEEEEING.
  1595 | D:3      | 1595 ||| FLEEEEING.
  1598 | D:3      | 1598 ||| FLEEEEING.
  1599 | D:3      | 1599 ||| FLEEEEING.
  1602 | D:3      | 1602 ||| FLEEEEING.
  1603 | D:3      | 1603 ||| FLEEEEING.
  1604 | D:3      | 1604 ||| FLEEEEING.
  1605 | D:3      | 1605 ||| FLEEEEING.
  1606 | D:3      | 1606 ||| FLEEEEING.
  1609 | D:3      | 1609 ||| FLEEEEING.
  1610 | D:3      | 1610 ||| FLEEEEING.
  1611 | D:3      | 1611 ||| FLEEEEING.
  1612 | D:3      | 1612 ||| FLEEEEING.
  1613 | D:3      | 1613 ||| FLEEEEING.
  1614 | D:3      | 1614 ||| FLEEEEING.
  1615 | D:3      | 1615 ||| FLEEEEING.
  1616 | D:3      | 1616 ||| FLEEEEING.
  1617 | D:3      | 1617 ||| FLEEEEING.
  1618 | D:3      | 1618 ||| FLEEEEING.
  1619 | D:3      | 1619 ||| FLEEEEING.
  1620 | D:3      | 1620 ||| FLEEEEING.
  1621 | D:3      | 1621 ||| FLEEEEING.
  1622 | D:3      | 1622 ||| FLEEEEING.
  1623 | D:3      | 1623 ||| FLEEEEING.
  1624 | D:3      | 1624 ||| FLEEEEING.
  1625 | D:3      | 1625 ||| FLEEEEING.
  1626 | D:3      | 1626 ||| FLEEEEING.
  1627 | D:3      | 1627 ||| FLEEEEING.
  1628 | D:3      | 1628 ||| FLEEEEING.
  1629 | D:3      | 1629 ||| FLEEEEING.
  1630 | D:3      | 1630 ||| FLEEEEING.
  1631 | D:3      | 1631 ||| FLEEEEING.
  1632 | D:3      | 1632 ||| FLEEEEING.
  1633 | D:3      | 1633 ||| FLEEEEING.
  1634 | D:3      | 1634 ||| FLEEEEING.
  1635 | D:3      | 1635 ||| FLEEEEING.
  1636 | D:3      | 1636 ||| FLEEEEING.
  1637 | D:3      | 1637 ||| FLEEEEING.
  1639 | D:3      | 1639 ||| FLEEEEING.
  1740 | D:3      | Found a sacrificial altar of Ru.
  1928 | D:3      | Found a runed translucent door.
  1929 | D:3      | Noticed Crazy Yiuf
  2067 | D:3      | Found a glowing golden altar of the Shining One.
  2070 | D:3      | Noticed Natasha
  2074 | D:3      | 2074 ||| Stepping ~*~*~tactically~*~*~ (retreating).
  2075 | D:3      | 2075 ||| Stepping ~*~*~tactically~*~*~ (retreating).
  2076 | D:3      | Killed Natasha
  2292 | D:3      | Noticed Natasha
  2293 | D:3      | Killed Natasha
  2328 | D:3      | Noticed Natasha
  2345 | D:3      | Killed Natasha
  2346 | D:3      | Reached skill level 7 in Ranged Weapons
  2425 | D:3      | Noticed Jessica
  2430 | D:3      | Killed Jessica
  2560 | D:3      | 2560 ||| UPGRADING to +2 leather armour of cold resistance.
  2570 | D:3      | 2570 ||| DROPPING +0 leather armour.
  2641 | D:4      | Reached XP level 7. HP: 14/43 MP: 7/7
  2642 | D:4      | HP: 9/43 [gnoll/+0 halberd (5)]
  2853 | D:4      | Found a staircase to the Ecumenical Temple.
  2854 | D:4      | 2854 ||| PLANNING TEMPLE
  2863 | Temple   | Entered the Ecumenical Temple
  2864 | Temple   | 2864 ||| PLANNING OKAWARU WORSHIP
  2874 | Temple   | Became a worshipper of Warmaster Okawaru
  2875 | Temple   | 2875 ||| PLANNING D:1-11
  2960 | D:4      | Found a transporter.
  2960 | D:4      | Noticed qw's ghost (amateur MiHs)
  3024 | D:4      | Found a transporter.
  3067 | D:4      | 3067 ||| UPGRADING to +0 helmet.
  3088 | D:4      | 3088 ||| READING 3 scrolls of enchant armour.
  3088 | D:4      | 3088 ||| ENCHANTING +0 helmet.
  3089 | D:4      | 3089 ||| READING 2 scrolls of enchant armour.
  3089 | D:4      | 3089 ||| ENCHANTING +1 helmet.
  3234 | D:4      | Reached skill level 1 in Armour
  3406 | D:4      | a ball python changed into a shapeshifter
  3406 | D:4      | Noticed a shapeshifter (shapeshifter)
  3406 | D:4      | a shapeshifter changed into a troll
  3406 | D:4      | Noticed a troll (shapeshifter)
  3417 | D:4      | a troll changed into a human
  3417 | D:4      | Noticed a human (shapeshifter)
  3422 | D:4      | HP: 9/43 [human (shapeshifter) (7)]
  3423 | D:4      | 3423 ||| READING scroll of teleportation.
  3423 | D:4      | a human changed into a rime drake
  3423 | D:4      | Noticed a rime drake (shapeshifter)
  3618 | D:4      | Reached skill level 8 in Ranged Weapons
  3707 | D:4      | 3707 ||| READING 2 scrolls labelled UTREMON TIPHAOV.
  3708 | D:4      | 3708 ||| READING scroll of enchant weapon.
  3708 | D:4      | 3708 ||| ENCHANTING +1 shortbow of chaos.
  3709 | D:4      | 3709 ||| READING 3 scrolls of identify.
  3709 | D:4      | 3709 ||| IDENTIFYING coppery potion
  3710 | D:4      | 3710 ||| READING 2 scrolls of identify.
  3710 | D:4      | 3710 ||| IDENTIFYING dark potion
  3711 | D:4      | 3711 ||| DROPPING potion of berserk rage.
  3743 | D:5      | Entered Level 5 of the Dungeon
  3749 | D:5      | 3749 ||| DRINKING potion of curing.
  3749 | D:5      | 3749 ||| (to cure confusion)
  3756 | D:5      | 3756 ||| RETREATING.
  3759 | D:5      | 3759 ||| Stepping ~*~*~tactically~*~*~ (outnumbered).
  3762 | D:5      | 3762 ||| Stepping ~*~*~tactically~*~*~ (outnumbered).
  3769 | D:5      | Reached * piety under Okawaru
  3770 | D:5      | Reached XP level 8. HP: 31/50 MP: 8/8
  3770 | D:5      | 3770 ||| INVOKING Heroism.
  3771 | D:5      | 3771 ||| INVOKING Heroism.
  3781 | D:5      | HP: 11/50 [orc priest/nerve-wracking pain (5)]
  3782 | D:5      | 3782 ||| DRINKING potion of heal wounds.
  3789 | D:5      | HP: 7/50 [orc/+0 war axe (6)]
  3790 | D:5      | Killed from afar by an orc priest

Levels and vault maps discovered:
D:1:      grunt_arrival_lava_bath, layout_loops_ring
D:2:      minmay_chambers_of_twos, layout_rooms
D:3:      layout_basic, old_standard_altar, mainiacjoe_overflow_tiny_flanked,
          serial_undead, serial_undead_d, serial_undead_b, serial_undead_e,
          serial_undead_c, grunt_ministairs_7, chequers_serial_rivers_large_b,
          uniq_crazy_yiuf_cottage, uniq_jessica, uniq_natasha, uniq_terence
D:4:      layout_basic, minmay_temple_entry_drinking_statues,
          gammafunk_ghost_arena, minmay_snake_closets
D:5:      layout_cave_pools
Temple:   hellmonk_temple_of_storms

Skill      XL: |  1  2  3  4  5  6  7 |
---------------+----------------------+-----
Ranged Weapons | 5 6 7 8 |  8.3
Fighting       | 3 4 5 |  5.4
Dodging        | 2 |  2.0
Armour         | 1 |  1.3
Stealth        | |  1.1

Action                     |  1- 3 |  4- 6 |  7- 9 || total
---------------------------+-------+-------+-------++-------
   Fire: Shortbow          |   121 |   145 |   144 ||   410
 Invoke: Heroism           |       |       |     1 ||     1
    Use: Scroll            |     8 |     3 |     7 ||    18
         Potion            |       |     2 |     2 ||     4
 Armour: Leather armour    |    26 |    55 |    80 ||   161
  Dodge: Dodged            |    28 |    49 |    64 ||   141

Table legend:
 A = Non-vault XP
 B = Vault XP
 C = Vault XP percentage of total XP
 D = Non-vault monster count
 E = Vault monster count
 F = Vault count percentage of total count
                 A         B        C        D         E       F
            +---------+---------+-------+---------+---------+-------
      Total |     920 |     357 |  28.0 |      79 |      25 |  24.0
            +---------+---------+-------+---------+---------+-------
        D:1 |      35 |       0 |   0.0 |      19 |       0 |   0.0
        D:2 |      46 |      23 |  33.3 |      15 |       8 |  34.8
        D:3 |     325 |     151 |  31.7 |      20 |       7 |  25.9
        D:4 |     290 |     183 |  38.7 |      19 |      10 |  34.5
        D:5 |     224 |       0 |   0.0 |       6 |       0 |   0.0
            +---------+---------+-------+---------+---------+-------
